AoeStats
← bluetiger74

Arena

510307312Analyzed
4v4 RM · 2d ago on Sep 30, 2026· 43m 11s· 8 players
Game mode
Random Map
Map size
Large (8 player)
Population
200
Speed
Normal
Resources
Standard
Victory
Conquest
Starting age
Dark Age
Ending age
Imperial Age
RankedLock teamsTeams togetherTeam positionsShared explorationLock speedFull tech treeHidden civsTurbo modeCheats
Victory
Defeat
🇹🇷 Mongols · Türkiye
846
+14
🇨🇳 Turks · China
785
+17
🇦🇺 Britons · Australia
754
+18
🇨🇳 Shu · China
710
+21
🇧🇪 Burmese · Belgium
813
-18
🇪🇸 Khmer · Spain
809
-18
🇧🇬 Dravidians · Bulgaria
794
-17
🇪🇸 Mongols · Spain
794
-17
MafiaTurkish58
11:25 Feudal Age
18:08 Castle Age
15:57 Horse Collar
16:56 Gold Mining
28:21 Padded Archer Armor
28:11 Fletching
32:33 Heavy Plow
37:58 Imperial Age
38:35 Elite Skirmisher
42:35 Chemistry
HundredEyes
0:33 Loom
10:15 Feudal Age
18:47 Castle Age
21:37 Wheelbarrow
20:49 Town Watch
21:51 Horse Collar
21:59 Double-Bit Axe
23:36 Hand Cart
25:15 Bow Saw
25:08 Heavy Plow
33:39 Bloodlines
33:29 Husbandry
34:44 Forging
34:40 Scale Barding Armor
35:42 Light Cavalry
indy
11:20 Feudal Age
11:48 Horse Collar
12:01 Double-Bit Axe
16:02 Castle Age
17:50 Wheelbarrow
17:29 Heavy Plow
17:44 Bow Saw
23:31 Hand Cart
23:12 Town Watch
24:10 Gold Mining
28:31 Imperial Age
27:32 Town Patrol
28:37 Gold Shaft Mining
27:53 Stone Mining
28:56 Husbandry
29:08 Bloodlines
28:19 Light Cavalry
31:19 Crop Rotation
30:35 Cavalier
31:46 Forging
31:51 Scale Barding Armor
33:24 Iron Casting
33:47 Chain Barding Armor
35:22 Siege Engineers
35:38 Ballistics
36:20 Chemistry
35:36 Capped Ram
36:37 Siege Ram
37:00 Elite Ballista Elephant
38:01 Conscription
39:11 Tusk Swords
40:44 Double Crossbow
Soulslayer
9:36 Feudal Age
10:06 Double-Bit Axe
11:45 Wheelbarrow
17:02 Castle Age
15:23 Gold Mining
15:32 Horse Collar
18:27 Bow Saw
20:49 Fletching
23:38 Heavy Plow
24:12 Stone Mining
26:01 Hand Cart
27:24 Town Watch
27:28 Loom
31:45 Town Patrol
32:37 Ballistics
32:28 Masonry
32:14 Murder Holes
32:31 Fortified Wall
33:11 Caravan
37:11 Imperial Age
34:48 Bodkin Arrow
39:01 Chemistry
37:53 Guard Tower
40:50 Elite Skirmisher
41:37 Bracer
42:25 Bombard Tower
41:55 Heated Shot
bluetiger74
0:35 Loom
13:45 Feudal Age
14:52 Double-Bit Axe
15:13 Town Watch
16:02 Stone Mining
16:15 Gold Mining
18:29 Horse Collar
20:31 Fletching
25:42 Castle Age
25:45 Pikeman
26:54 Bow Saw
28:24 Gold Shaft Mining
33:02 Bodkin Arrow
34:12 Elite Skirmisher
36:26 Murder Holes
36:14 Treadmill Crane
39:13 Fortified Wall
39:23 Heavy Plow
42:35 Coiled Serpent Array
43:40 Masonry
1143516068
14:02 Feudal Age
14:30 Double-Bit Axe
14:30 Horse Collar
14:44 Stone Mining
14:52 Gold Mining
17:29 Wheelbarrow
22:53 Castle Age
24:36 Heavy Plow
24:50 Bow Saw
25:22 Gold Shaft Mining
26:45 Hand Cart
36:46 Imperial Age
35:48 Town Watch
40:42 Elite Janissary
ryioze
11:26 Feudal Age
15:37 Castle Age
14:50 Horse Collar
14:56 Double-Bit Axe
22:53 Bow Saw
23:22 Stone Mining
23:34 Heavy Plow
26:38 Gold Mining
27:25 Stone Shaft Mining
26:43 Loom
27:33 Wheelbarrow
27:15 Padded Archer Armor
27:05 Fletching
29:23 Bloodlines
29:14 Husbandry
30:19 Thumb Ring
34:14 Imperial Age
32:36 Gold Shaft Mining
32:32 Ballistics
32:55 Hand Cart
33:29 Bodkin Arrow
33:49 Leather Archer Armor
33:48 Masonry
34:22 Elite Mangudai
35:20 Bracer
38:01 Chemistry
37:29 Parthian Tactics
37:21 Town Watch
41:42 Town Patrol
42:10 Nomads
shamwow60
11:39 Feudal Age
17:06 Castle Age
23:32 Horse Collar
33:08 Imperial Age
32:12 Fletching
32:22 Padded Archer Armor
32:34 Forging
32:24 Scale Mail Armor
33:25 Double-Bit Axe
33:43 Heavy Plow
34:56 Conscription
36:22 Chemistry
35:56 Ballistics
36:56 Elite Longbowman
39:35 Yeomen
40:01 Bodkin Arrow
40:21 Leather Archer Armor
43:16 Bracer
43:46 Ring Archer Armor
Connection lost

Rejoining the realm…

Still unreachable

The connection could not be restored.

Session expired

The server has moved on; the page needs a fresh start.